Map: Lightshade LE

Players

Rhizer - Winner!

  • Race: Protoss Protoss
  • League: Grandmaster
  • Spawn Location: 11:00

Epic

  • Race: Terran Terran
  • League: Grandmaster
  • Spawn Location: 5:00

Event: DreamHack SC2 Masters 2020 Winter

VOD

Have the link to the VOD?

Description

Time

  • Played on: Oct. 24, 2020, 9:01 p.m.
  • Length: 11:18

All games in this series

Show
View Real Time Build Order
Export as new Build Order

Rhizer Protoss - Winner!

Build Orders: Zealot Archon, Archon Drop, Dark Templar Rush 

Get SALT Encoding   

  12  0:00  Probe  
  13  0:12  Probe  
  14  0:17  Pylon  
  14  0:25  Probe (Chrono Boost)  
  15  0:37  Probe (Chrono Boost), Gateway  
  16  0:44  Probe (Chrono Boost)  
  16  0:46  Assimilator  
  17  0:51  Probe  
  18  1:03  Probe  
  19  1:15  Probe  
  20  1:24  Cybernetics Core  
  20  1:28  Probe  
  20  1:32  Assimilator  
  23  1:33  Pylon  
  23  1:52  Probe (Chrono Boost)  
  23  2:01  Probe (Chrono Boost)  
  23  2:02  Adept (Chrono Boost)  
  23  2:03  Warp Gate  
  23  2:06  Probe (Chrono Boost)  
  26  2:09  Unknown  
  26  2:10  Unknown x2  
  26  2:15  Nexus  
  25  2:19  Probe  
  26  2:26  Stalker (Chrono Boost)  
  29  2:38  Twilight Council  
  29  2:41  Probe  
  29  2:51  Pylon  
  29  2:53  Probe  
  30  3:05  Probe (Chrono Boost)  
  31  3:09  Robotics Facility  
  31  3:17  Probe (Chrono Boost)  
  32  3:20  Dark Shrine  
  32  3:24  Probe (Chrono Boost)  
  33  3:28  Probe (Chrono Boost)  
  33  3:31  Probe  
  35  3:36  Gateway  
  35  3:40  Probe  
  36  3:48  Gateway  
  35  3:49  Probe  
  35  3:52  Probe  
  37  3:59  Warp Prism (Chrono Boost)  
  39  4:04  Probe x2  
  41  4:10  Shield Battery  
  41  4:12  Shield Battery  
  39  4:18  Stalker  
  39  4:21  Probe x2 (Chrono Boost)  
  43  4:29  Assimilator  
  43  4:33  Probe (Chrono Boost)  
  43  4:37  Observer  
  46  4:39  Probe (Chrono Boost)  
  46  4:42  Probe (Chrono Boost)  
  47  4:46  Probe (Chrono Boost)  
  47  4:47  Pylon  
  47  4:48  Probe  
  49  4:54  Nexus  
  49  4:59  Probe  
  50  5:01  Dark Templar  
  50  5:05  Dark Templar  
  54  5:08  Dark Templar  
  54  5:12  Assimilator  
  54  5:13  Probe  
  57  5:15  Probe  
  58  5:25  Probe, Robotics Bay  
  58  5:27  Probe  
  60  5:32  Charge  
  60  5:37  Probe  
  60  5:40  Probe  
  60  5:49  Probe, Pylon  
  61  5:51  Forge  
  61  5:52  Probe  
  61  5:53  Pylon  
  61  5:55  Pylon  
  62  6:06  Probe, Dark Templar  
  62  6:07  Dark Templar  
  62  6:08  Probe x2  
  62  6:10  Archon  
  62  6:11  Extended Thermal Lance, Archon  
  69  6:13  Colossus (Chrono Boost)  
  69  6:17  Protoss Ground Weapons Level 1  
  69  6:18  Probe  
  76  6:20  Probe x2  
  78  6:35  Probe  
  78  6:39  Probe, Sentry  
  82  6:40  Gateway  
  82  6:45  Gateway  
  82  6:46  Probe, Gateway  
  83  6:47  Stalker  
  83  6:54  Probe  
  84  6:55  Shield Battery  
  84  6:59  Probe x2, Colossus (Chrono Boost)  
  91  7:11  Probe x3, Blink (Chrono Boost)  
  94  7:18  Shield Battery  
  94  7:20  Zealot x3  
  100  7:23  Probe  
  100  7:27  Gateway  
  100  7:29  Gateway  
  101  7:31  Pylon  
  101  7:39  Photon Cannon  
  101  7:46  Pylon  
  101  7:47  Observer (Chrono Boost)  
  101  7:49  Probe x2  
  104  7:51  Assimilator  
  104  7:52  Zealot x2  
  104  7:53  Assimilator  
  104  7:55  Pylon  
  104  7:57  Pylon  
  102  8:12  Zealot x4  
  108  8:14  Colossus (Chrono Boost)  
  108  8:16  Probe x2  
  106  8:25  Dark Templar x3  
  106  8:27  Dark Templar  
  114  8:30  Archon, Gateway  
  114  8:31  Archon  
  114  8:32  Gateway  
  114  8:35  Pylon  
  114  8:36  Pylon  
  114  8:37  Protoss Ground Armor Level 1 (Chrono Boost)  
  114  8:39  Sentry, Zealot  
  114  8:40  Zealot x2  
  122  8:49  Nexus  
  122  8:59  Dark Templar x2  
  122  9:00  Zealot x2  
  130  9:03  Archon  
  130  9:04  Dark Templar  
  130  9:05  Zealot  
  134  9:10  Zealot x2  
  131  9:24  Dark Templar  
  133  9:32  Pylon  
  133  9:33  Pylon  
  133  9:35  Pylon, Gateway  
  133  9:38  Gateway  
  133  9:42  Pylon  
  133  9:54  Dark Templar x2  
  133  9:55  Dark Templar x3  
  133  9:57  Dark Templar  
  133  9:58  Archon x2  
  133  9:59  Archon, Nexus  
  145  10:12  Zealot x3  
  107  10:29  Zealot x2  
  107  10:30  Zealot x6  
  113  10:39  Forge  
  113  10:45  Zealot  
  113  10:46  Zealot x2  
  105  10:50  Zealot x3  
  105  10:51  Zealot x4  
  103  11:07  Zealot x4  
  104  11:16  Stalker x3  
Show
View Real Time Build Order
Export as new Build Order

Epic Terran 

Build Orders: Reaper Expand 

Get SALT Encoding   

  12  0:00  SCV  
  13  0:12  SCV  
  14  0:16  Supply Depot  
  14  0:25  SCV  
  15  0:38  SCV  
  15  0:39  Barracks  
  16  0:43  Refinery  
  16  0:50  SCV  
  17  1:02  SCV  
  18  1:14  SCV  
  19  1:26  Engineering Bay  
  19  1:27  Reaper, Orbital Command  
  19  1:53  SCV  
  20  2:01  Command Center  
  20  2:02  Marine  
  20  2:06  SCV  
  22  2:09  Factory  
  22  2:13  Supply Depot  
  22  2:18  SCV  
  23  2:27  Bunker  
  23  2:28  Barracks Reactor  
  23  2:30  Refinery  
  23  2:35  SCV  
  24  2:47  SCV  
  25  2:56  Hellion, Starport  
  27  2:59  SCV  
  27  3:04  Marine x2  
  29  3:11  SCV  
  30  3:13  Orbital Command  
  30  3:17  Factory Tech Lab  
  30  3:22  Marine x2  
  30  3:23  SCV  
  33  3:35  SCV, Barracks  
  33  3:38  SCV  
  35  3:42  Raven  
  35  3:45  Marine x2  
  39  3:53  SCV x2  
  39  3:54  Supply Depot  
  39  4:05  SCV x2  
  39  4:07  Marine x2  
  43  4:18  Factory Tech Lab  
  43  4:19  SCV x2  
  43  4:24  Refinery  
  45  4:25  Barracks  
  45  4:26  Marine x2  
  47  4:31  SCV x2  
  47  4:37  Supply Depot  
  49  4:40  Stimpack, Siege Tank  
  49  4:41  Marauder  
  54  4:48  Engineering Bay  
  54  4:58  Bunker  
  54  4:59  SCV x2, Marine x2  
  58  5:03  Medivac, Supply Depot  
  58  5:05  Marauder  
  62  5:11  SCV x2  
  62  5:14  Terran Infantry Weapons Level 1  
  63  5:26  Missile Turret  
  61  5:29  SCV x2  
  61  5:31  Missile Turret  
  61  5:35  Marauder, Marine  
  63  5:38  Starport Reactor  
  62  5:43  SCV  
  62  5:48  SCV  
  64  5:55  Combat Shield  
  64  6:02  Supply Depot  
  64  6:03  SCV x2, Supply Depot  
  66  6:04  Widow Mine  
  68  6:11  Marine  
  68  6:12  Supply Depot, Marine  
  68  6:16  SCV  
  68  6:17  SCV  
  72  6:19  Marauder  
  72  6:21  Marauder  
  72  6:22  Concussive Shells  
  76  6:27  Widow Mine  
  76  6:31  SCV x2  
  73  6:36  Marine x2  
  75  6:40  Medivac, Marauder  
  75  6:42  Marauder, Liberator  
  75  6:46  SCV x2  
  84  7:02  Command Center  
  84  7:05  Marauder  
  84  7:07  Marauder, Marine  
  88  7:11  SCV x2  
  89  7:17  Marine  
  89  7:18  Widow Mine  
  89  7:21  Terran Infantry Armor Level 1  
  92  7:22  Refinery  
  92  7:24  Marine  
  92  7:25  Supply Depot  
  92  7:29  Marauder x2  
  97  7:38  SCV  
  97  7:39  SCV  
  97  7:44  Widow Mine, Barracks  
  101  7:46  Barracks  
  101  7:48  Supply Depot  
  101  7:49  Supply Depot  
  101  7:56  Marine  
  101  7:57  Marauder x2, Marine  
  104  8:05  Medivac x2  
  96  8:18  Marauder x2, Marine x2  
  100  8:20  SCV x2, Orbital Command  
  102  8:32  SCV x2  
  104  8:34  Barracks Tech Lab  
  104  8:35  Barracks Reactor  
  104  8:38  Marine x2  
  104  8:40  Orbital Command, Marauder x2  
  110  8:43  Missile Turret  
  110  8:44  SCV x2, Medivac x2  
  116  8:53  Supply Depot  
  116  8:54  Marauder  
  118  8:56  SCV x2  
  118  8:58  Marine x2  
  118  8:59  Ghost Academy  
  122  9:13  SCV x3  
  123  9:21  Marauder, Marine x4  
  131  9:26  SCV  
  131  9:27  SCV x2, Refinery  
  131  9:28  Refinery  
  134  9:32  Armory  
  134  9:33  Viking x2, Engineering Bay  
  134  9:39  Ghost x2  
  134  9:42  Ghost  
  140  9:46  Marine x4  
  140  9:49  Starport  
  140  9:50  Factory Reactor  
  144  9:54  Supply Depot  
  144  10:01  Supply Depot x2  
  144  10:02  SCV x2  
  144  10:04  Supply Depot  
  144  10:06  Viking, Missile Turret  
  143  10:20  Marauder, Marine x3  
  143  10:21  Marauder x2  
  94  10:32  Orbital Command  
  94  10:33  Viking x2  
  94  10:35  SCV x2  
  64  10:53  Marine  
  64  10:54  Marauder x2  
Tags
 
Add a new tag
Caveats
  • Supply blocks, unpowered buildings, or Contaminate may cause inaccurate times.
  • Supply counts are checked every 10 seconds.